[Event "Late-Titled-Tuesday-Blitz-May-07-2024"]
[Site "Chess.com"]
[Date "2024.05.07"]
[Round "1"]
[White "slorovel"]
[Black "Msb2"]
[Result "0-1"]
[WhiteElo "2552"]
[BlackElo "3047"]
[TimeControl "180+1"]
[EndTime "14:05:52 PDT"]
[Termination "Msb2 won by resignation"]

1. e4 e6 2. d4 d5 3. exd5 exd5 4. Nf3 Nc6 5. Bb5 a6 6. Bxc6+ bxc6 7. O-O Bd6 8. Re1+ Ne7 9. Ne5 O-O 10. Nc3 f6 11.
Nd3 Bf5 12. Bf4 Ng6 13. Bxd6 cxd6 14. Qf3 Qd7 15. Rac1 Rae8 16. h3 a5 17. a3 Nh4 18.
Qg3 g5 19. f4 h6 20. fxg5 hxg5 21. Rxe8 Rxe8 22. Rf1 Kg7 23. Nf4 Qf7 24. Nd3 Be4 25. Ne1 Qe6 26. b3 Bg6 27. Kh1 Nf5 28. Qf2 Qe3 29.
Qxe3 Rxe3 30. Nd1 Ng3+ 0-1

[Event "Late-Titled-Tuesday-Blitz-May-07-2024"]
[Site "Chess.com"]
[Date "2024.05.07"]
[Round "1"]
[White "MalyDominator"]
[Black "Iuckyducky"]
[Result "1-0"]
[WhiteElo "2616"]
[BlackElo "2232"]
[TimeControl "180+1"]
[EndTime "14:05:52 PDT"]
[Termination "MalyDominator won on time"]

1. e4 c6 2. Nc3 d5 3. Nf3 Bg4 4. h3 Bxf3 5. Qxf3 d4 6. Ne2 e5 7. g3 Nf6 8. Bg2 Nbd7 9. O-O Bc5 10. d3 O-O 11. g4 Qe7 12. g5 Ne8 13. Qg4 Nd6 14.
f4 f5 15. exf5 Nxf5 16. Be4 Nd6 17. f5 Nxe4 18. Qxe4 Bb6 19. Bd2 Nc5 20. Qg4 e4 21.
Nf4 e3 22. Bb4 Qe5 23. Bxc5 Bxc5 24. f6 1-0

[Event "Late-Titled-Tuesday-Blitz-May-07-2024"]
[Site "Chess.com"]
[Date "2024.05.07"]
[Round "1"]
[White "VictorFcQNK"]
[Black "Agent-JL"]
[Result "0-1"]
[WhiteElo "2094"]
[BlackElo "2579"]
[TimeControl "180+1"]
[EndTime "14:05:57 PDT"]
[Termination "Agent-JL won by resignation"]

1. d4 Nf6 2. Nf3 d5 3. e3 g6 4. c4 c6 5. Nc3 Bg7 6. Bd3 O-O 7. O-O Nbd7 8. Re1 Re8 9. e4 dxe4 10. Nxe4 Nxe4 11.
Bxe4 Qc7 12. Bg5 Nf6 13. Bc2 Be6 14. b3 Rad8 15. Qe2 Bg4 16. Rad1 Qa5 17. Bb1 Bxf3 18.
Qxf3 Qxg5 19. h3 Nh5 20. Re4 f5 21. Re2 Rxd4 22. Rxd4 Bxd4 23. Re1 e5 24. b4 e4 25.
Qd1 Nf4 26. g3 Qxg3+ 0-1

[Event "Late-Titled-Tuesday-Blitz-May-07-2024"]
[Site "Chess.com"]
[Date "2024.05.07"]
[Round "1"]
[White "Let_it_be_1"]
[Black "BogdanDeac"]
[Result "0-1"]
[WhiteElo "2556"]
[BlackElo "3121"]
[TimeControl "180+1"]
[EndTime "14:06:01 PDT"]
[Termination "BogdanDeac won by resignation"]

1. e4 c5 2. Nf3 e6 3. d4 cxd4 4. Nxd4 Nc6 5. Nc3 Qc7 6. Be2 Nf6 7. O-O Be7 8. Be3 O-O 9. f4 d6 10. Kh1 Nxd4 11. Qxd4 b6 12. Rad1 Bb7 13. Bf3 Rad8 14. Rd2 Qb8 15. a4 Nd7 16. a5 Bc6 17. axb6 axb6 18.
Rfd1 b5 19. Qb4 Rfe8 20. Rxd6 Bxd6 21. Rxd6 Rc8 22. Be2 Nf8 23. Nxb5 Bxb5 24. Bxb5 Rxc2 25.
h3 Rec8 26. Qb3 Qxd6 0-1

[Event "Late-Titled-Tuesday-Blitz-May-07-2024"]
[Site "Chess.com"]
[Date "2024.05.07"]
[Round "1"]
[White "toninhojit"]
[Black "SoCalJuniorChess"]
[Result "1-0"]
[WhiteElo "2598"]
[BlackElo "2183"]
[TimeControl "180+1"]
[EndTime "14:06:02 PDT"]
[Termination "toninhojit won by resignation"]

1. d4 Nf6 2. c4 e5 3. dxe5 Ng4 4. Nf3 Nc6 5. Bf4 Bb4+ 6. Nc3 Bxc3+ 7. bxc3 Qe7 8. Qd5 O-O 9. h3 Nh6 10. Bxh6 gxh6 11.
e3 Re8 12. Be2 Nxe5 13. Rd1 c6 14. Qd6 Qxd6 15. Rxd6 Nxf3+ 16. Bxf3 Re6 17. c5 Rxd6 18. cxd6 b6 19. O-O Ba6 20. Rd1 Bc4 21. a3 b5 22. Bg4 Be6 23. Be2 Rb8 24. e4 Rb6 25. f4 Ra6 26. f5 Bb3 27. Rd2 Rxa3 28. e5 Ra1+ 29. Kh2 Rc1 30. c4 Kf8 31. e6 Ke8 32. Bh5 dxe6 33. fxe6 Bxc4 34. Bxf7+ Kf8 35. d7 1-0

[Event "Late-Titled-Tuesday-Blitz-May-07-2024"]
[Site "Chess.com"]
[Date "2024.05.07"]
[Round "1"]
[White "Rodalquilar"]
[Black "emeli_chess"]
[Result "1-0"]
[WhiteElo "2770"]
[BlackElo "2445"]
[TimeControl "180+1"]
[EndTime "14:06:03 PDT"]
[Termination "Rodalquilar won on time"]

1. d4 Nf6 2. Nf3 d5 3. Bf4 e6 4. e3 Bd6 5. Bg3 O-O 6. c4 c5 7. Nc3 cxd4 8. Nxd4 Nc6 9. cxd5 exd5 10. Be2 Re8 11.
O-O Bxg3 12. hxg3 Qb6 13. Nb3 Be6 14. Qd2 Ne4 15. Qc2 Nxg3 16. fxg3 Qxe3+ 17. Rf2 Qxg3 18. Qd3 Qxd3 19. Bxd3 d4 20. Nb5 Rad8 21. Nc7 Re7 22. Nxe6 fxe6 23. Rd1 e5 24. Be4 g6 25. a3 Kg7 26. Rc2 Re6 27. Nc5 Re7 28. Nxb7 Rxb7 29. Bxc6 Rc7 30. Be4 Rxc2 31. Bxc2 Kf6 32. Be4 Rc8 33. Rd2 Ke6 34. Kf2 Kd6 35. Rc2 Rxc2+ 36. Bxc2 Kd5 37. Kf3 a5 38. Bb3+ Kc5 39. Ke4 Kd6 40.
Ba2 h5 41. Bf7 1-0

[Event "Late-Titled-Tuesday-Blitz-May-07-2024"]
[Site "Chess.com"]
[Date "2024.05.07"]
[Round "1"]
[White "moro182"]
[Black "Vincefm"]
[Result "1-0"]
[WhiteElo "2867"]
[BlackElo "2507"]
[TimeControl "180+1"]
[EndTime "14:06:04 PDT"]
[Termination "moro182 won by resignation"]

1. d4 Nf6 2. Bf4 e6 3. e3 d5 4. Nf3 Bd6 5. Nbd2 Bxf4 6. exf4 c5 7. dxc5 Qc7 8. g3 Qxc5 9. Bd3 O-O 10. Qe2 Nc6 11. c3 Rb8 12. O-O b5 13. a3 a5 14. Nb3 Qb6 15. Nbd4 Nxd4 16. cxd4 Ba6 17.
Rfc1 Rfc8 18. a4 h6 19. Rxc8+ Rxc8 20. axb5 Bb7 21. Qd2 Ra8 22. Qc3 Ne4 23. Qa3 f6 24. Qe7 Rc8 25. f5 exf5 26. Qa3 Ng5 27. Bxf5 Nxf3+ 28. Qxf3 Rc4 29. Bd3 Rxd4 30. Qf5 Rb4 31. Qh7+ Kf8 32.
Bg6 Rxb2 33. Qh8+ Ke7 34. Qxg7+ Ke6 35. Re1+ Kd6 36. Qxf6+ Kc7 37. Qxb2 d4 38. Be4 Bxe4 39. Rxe4 a4 40. Qxd4 Qxb5 41. Qc4+ Qxc4 42. Rxc4+ Kd6 43.
Rxa4 1-0

[Event "Late-Titled-Tuesday-Blitz-May-07-2024"]
[Site "Chess.com"]
[Date "2024.05.07"]
[Round "1"]
[White "chess123456s"]
[Black "rionelG"]
[Result "1-0"]
[WhiteElo "2632"]
[BlackElo "2297"]
[TimeControl "180+1"]
[EndTime "14:06:04 PDT"]
[Termination "chess123456s won by resignation"]

1. Nf3 c5 2. e4 d6 3. d4 cxd4 4. Nxd4 Nf6 5. Nc3 a6 6. Be3 Ng4 7. Bc1 Nf6 8. Be2 e5 9. Nb3 Be7 10. O-O O-O 11. Be3 Be6 12. Qd2 Nbd7 13. a4 b6 14. Kh1 Qc7 15. f4 exf4 16. Bxf4 Ne5 17. Nd4 Rfe8 18. Rad1 Bf8 19. Bg5 Nfd7 20. Nd5 Bxd5 21.
exd5 Nc5 22. Bf4 Ne4 23. Qe3 Ng6 24. Bg3 Nxg3+ 25. Qxg3 Be7 26. Bd3 Bf6 27. Rxf6 gxf6 28. Nf5 Re5 29. h4 Qd7 30. Qf3 Ne7 31. Qg4+ Kf8 32.
Qg7+ Ke8 33. Qh8+ 1-0

[Event "Late-Titled-Tuesday-Blitz-May-07-2024"]
[Site "Chess.com"]
[Date "2024.05.07"]
[Round "1"]
[White "masnyszachistaaa"]
[Black "jamengrand"]
[Result "1-0"]
[WhiteElo "2594"]
[BlackElo "2176"]
[TimeControl "180+1"]
[EndTime "14:06:05 PDT"]
[Termination "masnyszachistaaa won on time"]

1. d4 d5 2. Bf4 c5 3. e3 Nc6 4. c3 Nf6 5. Nd2 Bf5 6. Bb5 e6 7. Ngf3 a6 8. Bxc6+ bxc6 9. O-O Nd7 10. Ne5 Nxe5 11. Bxe5 f6 12. Bg3 Bd6 13. dxc5 Bxc5 14. Nb3 Bd6 15. Nd4 Bxg3 16. hxg3 Qb6 17. Nxf5 exf5 18.
Qc2 O-O 19. c4 Qc5 20. Rac1 dxc4 21. Qxc4+ Qxc4 22. Rxc4 Rfb8 23. b3 Rb6 24. Rd1 Ra7 25. Rd8+ Kf7 26. Rc8 a5 27. R8xc6 Rbb7 28. R6c5 a4 29.
Rxa4 Rxa4 30. bxa4 Rb2 31. Rxf5 Rxa2 32. Ra5 g5 33. g4 Kg6 34. f4 gxf4 35. exf4 1-0

[Event "Late-Titled-Tuesday-Blitz-May-07-2024"]
[Site "Chess.com"]
[Date "2024.05.07"]
[Round "1"]
[White "Temirlan_Baltabaev"]
[Black "cthake"]
[Result "1-0"]
[WhiteElo "2561"]
[BlackElo "1863"]
[TimeControl "180+1"]
[EndTime "14:06:07 PDT"]
[Termination "Temirlan_Baltabaev won on time"]

1. d4 Nf6 2. Nf3 e6 3. c4 c5 4.
d5 exd5 5. cxd5 d6 6. Nc3 g6 7. g3 Bg7 8. Bg2 O-O 9. O-O Na6 10. Nd2 Nc7 11. a4 Re8 12. Nc4 Bf5 13. f3 Rb8 14. e4 Bc8 15. Bf4 b5 16. axb5 Nxb5 17. Nxb5 Rxb5 18.
Rxa7 Bf8 19. Qc2 Nh5 20. Be3 f5 21. b3 Qf6 22. g4 f4 23. Bf2 Ng7 24. Re1 h5 25. h3 hxg4 26. hxg4 g5 27. Bf1 Re7 28. Rxe7 Qxe7 29. e5 dxe5 30. Nxe5 Rb4 31. Nd3 Qa7 32. Nxb4 Qa5 33. Nc6 Qc7 34. Bxc5 Bxc5+ 35. Qxc5 1-0

[Event "Late-Titled-Tuesday-Blitz-May-07-2024"]
[Site "Chess.com"]
[Date "2024.05.07"]
[Round "1"]
[White "ViralduS"]
[Black "Arteler"]
[Result "1-0"]
[WhiteElo "2631"]
[BlackElo "2292"]
[TimeControl "180+1"]
[EndTime "14:06:08 PDT"]
[Termination "ViralduS won by resignation"]

1. c4 Nf6 2. g3 g6 3. Bg2 Bg7 4. d4 c6 5. Nf3 d5 6. Nbd2 O-O 7.
O-O e6 8. b3 Nbd7 9. Ba3 Re8 10. Rc1 dxc4 11. Nxc4 Bf8 12. Bb2 Bg7 13. Nd6 Rf8 14.
Ba3 Qa5 15. Nc4 Qd8 16. Bxf8 Qxf8 17. Qc2 Nb6 18. e4 Nxc4 19. bxc4 Qa3 20. Nd2 Nd7 21. Nb3 Nb6 22. e5 Na4 23. Rfe1 Bh6 24. f4 Bf8 25. Red1 h5 26. Kh1 Bb4 27. d5 Nc3 28. Rd3 cxd5 29. Rxc3 Bxc3 30. Qxc3 dxc4 31. Qxc4 Qxa2 32. Nc5 Qxc4 33.
Rxc4 b6 34. Bxa8 bxc5 35. Rxc5 Ba6 36. Ra5 1-0

[Event "Late-Titled-Tuesday-Blitz-May-07-2024"]
[Site "Chess.com"]
[Date "2024.05.07"]
[Round "1"]
[White "only_strong_moves"]
[Black "almaguerjm"]
[Result "0-1"]
[WhiteElo "2686"]
[BlackElo "2411"]
[TimeControl "180+1"]
[EndTime "14:06:09 PDT"]
[Termination "almaguerjm won by resignation"]

1. d4 Nf6 2. c4 c5 3. d5 e6 4. Nc3 exd5 5. cxd5 d6 6. Nf3 g6 7. Nd2 Bg7 8. e4 O-O 9. Be2 Na6 10. O-O Re8 11. Nc4 Nxe4 12. Nxe4 Rxe4 13. Qc2 Bf5 14. Qd1 b5 15. Ne3 Rd4 16. Qe1 Bd3 17. Bd2 Bxe2 18. Qxe2 Qe8 19. Bc3 Rxd5 20. Bxg7 Kxg7 21. a4 Nc7 22.
axb5 Nxb5 23. Rfe1 Re5 24. f4 Nd4 25. Qf2 Re4 26.
f5 Nxf5 27. Nxf5+ gxf5 28. Qg3+ Kh8 29. Rf1 Qe5 30. Qh3 Rg8 31. Rxf5 Qd4+ 32. Kh1 Qxb2 33. Raf1 Reg4 34. R5f2 Qd4 35. Rxf7 R4g7 36. Rxg7 Qxg7 37. Qf3 a5 38. g3 Rb8 39. Qc6 Qb7 40. Rf8+ Kg7 41.
Qxb7+ Rxb7 42. Ra8 c4 43. Rxa5 c3 44. Ra2 d5 45.
Kg2 Rb2+ 0-1

[Event "Late-Titled-Tuesday-Blitz-May-07-2024"]
[Site "Chess.com"]
[Date "2024.05.07"]
[Round "1"]
[White "stollenmonster"]
[Black "imdvb6307"]
[Result "1-0"]
[WhiteElo "2874"]
[BlackElo "2514"]
[TimeControl "180+1"]
[EndTime "14:06:14 PDT"]
[Termination "stollenmonster won on time"]

1. e4 Nc6 2. Nc3 e5 3. g3 Bc5 4. Bg2 d6 5. Nge2 Nge7 6. d3 a6 7.
O-O O-O 8. h3 f5 9. Kh2 Be6 10.
f4 Qd7 11. Nd5 Rf7 12. c3 Ba7 13. Bd2 Raf8 14. Qc2 Nd8 15. Rae1 c6 16. Nxe7+ Qxe7 17. exf5 Bxf5 18. g4 Bc8 19. f5 Qc7 20. d4 e4 21.
Bf4 Re8 22. Ng3 Bb8 23. Nxe4 h6 24. Bxd6 Rxe4 25. Bxc7 Bxc7+ 26. Kh1 Rxe1 27. Rxe1 Bd7 28. d5 c5 29. d6 Bxd6 30. Bd5 Kf8 31. Bxf7 Nxf7 32. Rd1 Bc6+ 33. Kg1 Bf4 34. Qf2 Ng5 35.
Rd3 Bc7 36. Qxc5+ Kg8 37. h4 Nf3+ 38. Rxf3 Bxf3 39. Qxc7 Kh8 40. g5 hxg5 41. hxg5 Bc6 42.
g6 1-0

[Event "Late-Titled-Tuesday-Blitz-May-07-2024"]
[Site "Chess.com"]
[Date "2024.05.07"]
[Round "1"]
[White "pouya21"]
[Black "wild3000"]
[Result "1-0"]
[WhiteElo "2831"]
[BlackElo "2487"]
[TimeControl "180+1"]
[EndTime "14:06:16 PDT"]
[Termination "pouya21 won on time"]

1. e4 e6 2. d4 a6 3. Nf3 d5 4.
e5 c5 5. c3 Nc6 6. Be2 Nge7 7.
O-O Nf5 8. Na3 b5 9. Nc2 c4 10. g4 Nh4 11. Nxh4 Qxh4 12. f4 f6 13. Be3 Bd7 14. Ne1 fxe5 15. dxe5 O-O-O 16. a4 b4 17. Bf2 Qh3 18. Bf3 h5 19. g5 Qf5 20. Ng2 g6 21.
Qd2 bxc3 22. bxc3 Na5 23. Qe3 Nb3 24. Qa7 Re8 25. Bb6 Bc5+ 26. Bxc5 Nxc5 27. Qxc5+ Kd8 28. Rab1 1-0

[Event "Late-Titled-Tuesday-Blitz-May-07-2024"]
[Site "Chess.com"]
[Date "2024.05.07"]
[Round "1"]
[White "Bryanl106"]
[Black "RichardShtivelband"]
[Result "1-0"]
[WhiteElo "2690"]
[BlackElo "2387"]
[TimeControl "180+1"]
[EndTime "14:06:16 PDT"]
[Termination "Bryanl106 won by resignation"]

1. e4 e5 2. Nf3 Nc6 3. Nc3 g6 4.
d4 exd4 5. Nxd4 Bg7 6. Be3 Nge7 7. Qd2 O-O 8. Bc4 d6 9. O-O-O Ne5 10. Bb3 a6 11. f4 Ng4 12. Bg1 Nc6 13. h3 Nf6 14. Nxc6 bxc6 15. e5 Ne8 16. Kb1 Be6 17. Bxe6 fxe6 18.
Ne4 Qe7 19. Bh2 d5 20. Ng5 h6 21. Nf3 c5 22. Qd3 Qf7 23. Nh4 Kh7 24. g4 c4 25.
Qe2 Qe7 26. Bg3 c5 27. Rhf1 Nc7 28. f5 exf5 29. gxf5 gxf5 30. Nxf5 Qe6 31. Qg4 Rg8 32. Qh4 Rae8 33. Nxg7 Rxg7 34. Rf6 Qe7 35. Rxh6+ Kg8 36. Rh8+ Kf7 37. e6+ Kxe6 38. Re1+ 1-0

[Event "Late-Titled-Tuesday-Blitz-May-07-2024"]
[Site "Chess.com"]
[Date "2024.05.07"]
[Round "1"]
[White "AreYouTokkieToMe"]
[Black "RuperezA"]
[Result "0-1"]
[WhiteElo "2306"]
[BlackElo "2637"]
[TimeControl "180+1"]
[EndTime "14:06:16 PDT"]
[Termination "RuperezA won by resignation"]

1. c4 e6 2. g3 Nf6 3. Bg2 d5 4.
Nf3 Be7 5. O-O O-O 6. Qc2 c6 7. d4 Nbd7 8. Nbd2 b6 9. e4 Ba6 10.
Re1 Rc8 11. b3 c5 12. exd5 exd5 13. dxc5 Bxc5 14. Bb2 dxc4 15. bxc4 Qc7 16. Rad1 Rfe8 17. Bh3 Bb7 18. Qc3 Rxe1+ 19. Rxe1 Rd8 20. Ne4 Bxe4 21.
Rxe4 Bxf2+ 22. Kg2 Bc5 23. Re1 Bf8 24. Bf5 Nc5 25.
Bc2 Qc6 26. Kg1 Nce4 27. Qe5 Bd6 28. Qf5 g6 29. Qb5 Bc5+ 30. Kg2 Qb7 31. Bxf6 Nxf6 32.
Re8+ Rxe8 0-1

[Event "Late-Titled-Tuesday-Blitz-May-07-2024"]
[Site "Chess.com"]
[Date "2024.05.07"]
[Round "1"]
[White "Denmark2015"]
[Black "PawnEatingZombie"]
[Result "0-1"]
[WhiteElo "2600"]
[BlackElo "2264"]
[TimeControl "180+1"]
[EndTime "14:06:16 PDT"]
[Termination "PawnEatingZombie won on time"]

1. d4 Nf6 2. c4 g6 3. Nc3 Bg7 4. e4 d6 5. Nf3 O-O 6. Be2 e5 7.
d5 a5 8. Be3 Na6 9. Nd2 Nc5 10.
g4 a4 11. h4 Bd7 12. g5 Ne8 13. h5 c6 14. Qc2 cxd5 15. cxd5 Nc7 16. O-O-O b5 17.
a3 Qb8 18. Na2 N7a6 19. Kb1 b4 20. axb4 Nxb4 21. Nxb4 Qxb4 22. Bxc5 dxc5 23. Qc3 Rfb8 24. Qxb4 Rxb4 25. Ka2 Rab8 26. Rb1 f6 27. hxg6 hxg6 0-1

[Event "Late-Titled-Tuesday-Blitz-May-07-2024"]
[Site "Chess.com"]
[Date "2024.05.07"]
[Round "1"]
[White "ExchangeAB"]
[Black "GMRafpig"]
[Result "0-1"]
[WhiteElo "2425"]
[BlackElo "2734"]
[TimeControl "180+1"]
[EndTime "14:06:18 PDT"]
[Termination "GMRafpig won by resignation"]

1. d4 Nf6 2. Nf3 g6 3. Bf4 Bg7 4. e3 d6 5. h3 O-O 6. Be2 b6 7. Bh2 Bb7 8. O-O Nbd7 9. c4 c5 10. Nc3 Ne4 11. Nxe4 Bxe4 12. Nd2 Bb7 13. Bf3 Qc7 14.
Bxb7 Qxb7 15. Nf3 Rfc8 16. Rc1 b5 17. b3 cxd4 18. Nxd4 bxc4 19. Rxc4 Rxc4 20. bxc4 Rc8 21. Qb3 Nb6 22. Rb1 Qa6 23. Nb5 Rxc4 24. Bg3 Rc6 25. f3 h5 26. e4 Nc4 27. Rc1 Nd2 28. Rxc6 Qxc6 29. Qd3 Qc1+ 30. Kf2 Qb2 31. Qe2 a6 32. Nc7 Bd4+ 33. Ke1 Bc3 34. Kf2 Qb6+ 0-1

[Event "Late-Titled-Tuesday-Blitz-May-07-2024"]
[Site "Chess.com"]
[Date "2024.05.07"]
[Round "1"]
[White "MKlose11"]
[Black "KorolDimitriy75"]
[Result "1-0"]
[WhiteElo "2687"]
[BlackElo "2384"]
[TimeControl "180+1"]
[EndTime "14:06:18 PDT"]
[Termination "MKlose11 won by resignation"]

1. e4 c5 2. Nc3 g6 3. d3 Bg7 4.
g3 Nc6 5. Bg2 d6 6. Be3 e5 7. Qd2 Nge7 8. Bh6 Bxh6 9. Qxh6 Nd4 10.
Qd2 Qa5 11. Nge2 Be6 12. O-O O-O 13. f4 f5 14. Rad1 Rae8 15. a3 b5 16. Rf2 Qb6 17. Rdf1 a5 18. Nd1 b4 19. axb4 axb4 20. c3 Nxe2+ 21.
Qxe2 Nc6 22. Ne3 bxc3 23. bxc3 Qb3 24. exf5 gxf5 25. Bxc6 Re7 26. c4 exf4 27. Rxf4 Bf7 28. Qd2 Bg6 29. Bd5+ Kh8 30. Nxf5 Bxf5 31. Rxf5 Rxf5 32.
Rxf5 Qb1+ 33. Rf1 Qb8 34. Qf4 Qd8 35. Qf6+ 1-0

[Event "Late-Titled-Tuesday-Blitz-May-07-2024"]
[Site "Chess.com"]
[Date "2024.05.07"]
[Round "1"]
[White "klifus"]
[Black "bazar-wokzal"]
[Result "1/2-1/2"]
[WhiteElo "2181"]
[BlackElo "2584"]
[TimeControl "180+1"]
[EndTime "14:06:19 PDT"]
[Termination "Game drawn by repetition"]

1. e4 c5 2. Nf3 d6 3. d4 cxd4 4.
Nxd4 Nf6 5. Nc3 a6 6. f3 e5 7. Nde2 Be6 8. Be3 d5 9. exd5 Nxd5 10. Nxd5 Qxd5 11. Nc3 Qxd1+ 12. Rxd1 Bb4 13. Bd2 Nc6 14. a3 Ba5 15. Ne4 O-O-O 16. Bxa5 Rxd1+ 17. Kxd1 Nxa5 18.
b3 Rd8+ 19. Kc1 f6 20. Be2 Nc6 21. Rd1 Rxd1+ 22. Bxd1 Kc7 23. c3 Ne7 24. Kd2 Bd5 25. Bc2 h6 26. Ng3 Bf7 27. h4 b6 28. b4 a5 29. Nf5 Nxf5 30. Bxf5 Kd6 31. g3 Bd5 32. Ke3 g5 33. hxg5 fxg5 34. f4 exf4+ 35. gxf4 Bf7 36. Be4 g4 37. Kf2 h5 38. Kg3 Be8 39. Kh4 Bf7 40. Kg5 Be8 41. Bd3 Bf7 42. Kh4 Kd5 43. Kg3 Be8 44.
Kh4 Bf7 45. Kg3 Be8 46. Kh4 Bf7 1/2-1/2

[Event "Late-Titled-Tuesday-Blitz-May-07-2024"]
[Site "Chess.com"]
[Date "2024.05.07"]
[Round "1"]
[White "Revan_2002"]
[Black "Slovafn"]
[Result "1-0"]
[WhiteElo "2718"]
[BlackElo "2410"]
[TimeControl "180+1"]
[EndTime "14:06:25 PDT"]
[Termination "Revan_2002 won by checkmate"]

1. Nf3 Nf6 2. g3 c5 3. Bg2 g6 4. O-O Bg7 5. d4 O-O 6. Nc3 cxd4 7. Nxd4 Nc6 8. Nb3 d6 9. e4 Be6 10. h3 a5 11. a4 Nb4 12. Nd4 Bc4 13. Re1 Nd7 14.
Be3 Rc8 15. Qd2 Ba6 16. Ndb5 Ne5 17. Bd4 Nc4 18. Qc1 Bxd4 19. Nxd4 Qc7 20. h4 Nxb2 21. Nd5 Nxd5 22. exd5 Qc3 23. Nf3 Qxc2 24. Qh6 Qc3 25. Re5 f6 26. Rxe7 Rf7 27. Rxf7 Kxf7 28. Qxh7+ Kf8 29. Re1 Rc7 30. Qh8+ Kf7 31. Re8 g5 32.
Qg8# 1-0

[Event "Late-Titled-Tuesday-Blitz-May-07-2024"]
[Site "Chess.com"]
[Date "2024.05.07"]
[Round "1"]
[White "SultaiC"]
[Black "K_A_S_T_O_R"]
[Result "0-1"]
[WhiteElo "2492"]
[BlackElo "2839"]
[TimeControl "180+1"]
[EndTime "14:06:27 PDT"]
[Termination "K_A_S_T_O_R won by checkmate"]

1. e4 c5 2. Nf3 d6 3. d4 cxd4 4. Nxd4 Nf6 5. Nc3 a6 6. Be3 e6 7. Be2 Be7 8. O-O O-O 9. f3 Qc7 10. Qe1 b5 11. a3 Bb7 12. Rd1 Nbd7 13. Qf2 Rac8 14. Nb3 Rfe8 15. Rd2 d5 16. exd5 Nxd5 17. Nxd5 Bxd5 18. Nd4 Bd6 19. f4 Nc5 20. Bf3 Qb7 21. Nf5 Bf8 22. Bxd5 exd5 23. Qh4 Ne4 24. Re2 Qd7 25.
g4 Re6 26. g5 Rec6 27. Nd4 Rc4 28. c3 Re8 29. Rf3 g6 30. Rh3 h5 31. gxh6 Kh7 32.
Nf3 Be7 33. Qe1 Qxh3 34. Ne5 Rcc8 35. Nxf7 Qf5 36. Ne5 Bf6 37. Bd4 Qxf4 38. Nd3 Bxd4+ 39. cxd4 Qf6 40. Ne5 Rf8 41. Rg2 g5 42. Nd7 Qxd4+ 43. Kh1 Rf7 44. h4 Nf2+ 45. Rxf2 Qxf2 46. Qb1+ Qf5 47.
Qxf5+ Rxf5 48. hxg5 Rxg5 49. Nf6+ Kxh6 50. a4 Kg6 51. Nd7 Rh8# 0-1

[Event "Late-Titled-Tuesday-Blitz-May-07-2024"]
[Site "Chess.com"]
[Date "2024.05.07"]
[Round "1"]
[White "NajdorfPlayerc5"]
[Black "ChessicallyInclined"]
[Result "0-1"]
[WhiteElo "2422"]
[BlackElo "2732"]
[TimeControl "180+1"]
[EndTime "14:06:29 PDT"]
[Termination "ChessicallyInclined won by checkmate"]

1. d4 Nf6 2. c4 e6 3. Nc3 Bb4 4. f3 c5 5. d5 d6 6. e4 b5 7. Ne2 bxc4 8. Nf4 e5 9. Ne2 Nbd7 10. Ng3 Nb6 11. Be2 Ng8 12. O-O Ne7 13. Qc2 Ng6 14. f4 exf4 15. Bxf4 Nxf4 16. Rxf4 O-O 17. Raf1 Qg5 18. Nb5 Qe5 19. Nf5 Bxf5 20. Rxf5 Qe7 21. Bxc4 a6 22. Na3 Bxa3 23. bxa3 Nd7 24. R1f3 Ne5 25.
Rg3 Kh8 26. Qe2 g6 27. Rf1 a5 28. a4 Rab8 29. Bb5 Rfc8 30. Qd2 Qa7 31. Rh3 c4+ 32. Kh1 f6 33. Rxf6 Rf8 34. Qg5 Qg7 35. Rxf8+ Rxf8 36.
Qc1 Nd3 37. Qg1 Nf2+ 38. Qxf2 Rxf2 39. Rf3 Qa1# 0-1

[Event "Late-Titled-Tuesday-Blitz-May-07-2024"]
[Site "Chess.com"]
[Date "2024.05.07"]
[Round "1"]
[White "lilylg"]
[Black "LaStreetCmaMaison"]
[Result "0-1"]
[WhiteElo "2234"]
[BlackElo "2616"]
[TimeControl "180+1"]
[EndTime "14:06:29 PDT"]
[Termination "LaStreetCmaMaison won on time"]

1. g3 d5 2. Bg2 Nf6 3. d3 c5 4. Nd2 Nc6 5. e4 e5 6. Ne2 h5 7. h4 Bg4 8. f3 Be6 9. O-O Qb6 10.
Kh2 O-O-O 11. a4 g5 12. exd5 Bxd5 13. Nc3 gxh4 14. gxh4 Nd4 15. Nde4 Be7 16. Nxd5 Nxd5 17. a5 Qg6 18. Ng5 f6 19. Ne4 Kb8 20. Bh3 f5 21. Rg1 Qc6 22. Ng5 Nb4 23. c3 Bxg5 24. Bxg5 Nxf3+ 25. Kg3 Rxd3 0-1

[Event "Late-Titled-Tuesday-Blitz-May-07-2024"]
[Site "Chess.com"]
[Date "2024.05.07"]
[Round "1"]
[White "h4parah5"]
[Black "Dr_troll"]
[Result "1-0"]
[WhiteElo "3018"]
[BlackElo "2546"]
[TimeControl "180+1"]
[EndTime "14:06:31 PDT"]
[Termination "h4parah5 won by checkmate"]

1. Nf3 Nf6 2. c3 d5 3. d4 g6 4. Bf4 Bg7 5. Nbd2 O-O 6. e3 c5 7. Be2 Nc6 8. dxc5 Nd7 9. Nb3 e6 10. O-O a5 11. a4 h6 12. Bd6 Re8 13. Nfd4 e5 14. Nb5 Re6 15. Nc7 Nxc5 16. Nxe6 Nxe6 17. Qxd5 Bd7 18. Rfd1 Qg5 19. Be7 Nxe7 20. Qxd7 Nf5 21. Qxb7 Rf8 22. Qe4 h5 23. Nd2 Rb8 24. Rab1 Nh4 25.
g3 Nf5 26. Nf3 Qe7 27. b4 h4 28. Nxh4 Nxh4 29. Qxh4 Bf6 30. Qg4 axb4 31. cxb4 Ng7 32. b5 Nf5 33. b6 Qc5 34. Qc4 Qa3 35. Rd3 Qe7 36. b7 e4 37. Qc8+ Kg7 38. Rd7 Qa3 39. Qxb8 Nxe3 40. Qd6 Qa2 41. b8=Q Qxe2 42. Rxf7+ Kh6 43. Qf4+ Kh5 44. Rh7# 1-0

[Event "Late-Titled-Tuesday-Blitz-May-07-2024"]
[Site "Chess.com"]
[Date "2024.05.07"]
[Round "1"]
[White "ACollins05"]
[Black "TigrVShlyape"]
[Result "0-1"]
[WhiteElo "2532"]
[BlackElo "2950"]
[TimeControl "180+1"]
[EndTime "14:06:31 PDT"]
[Termination "TigrVShlyape won by checkmate"]

1. d4 f5 2. Nf3 Nf6 3. g3 g6 4. Bg2 Bg7 5. O-O O-O 6. c4 c6 7. Nc3 d6 8. b3 a5 9. Bb2 Na6 10. d5 e5 11. dxe6 Bxe6 12. Nd4 Bd7 13. Nc2 Qe7 14.
Re1 Nc5 15. Ne3 Nfe4 16. Qc2 Ng5 17. Rad1 f4 18. Nf1 Nh3+ 19. Bxh3 Bxh3 20. Qd2 Be5 21. e3 fxg3 22. Nxg3 Rf3 23. Nce2 Raf8 24. Nf4 Bg4 25. Bxe5 dxe5 26. Ng2 Rxf2 27. Qxf2 Rxf2 28. Kxf2 Bxd1 29. Rxd1 Kf7 30. h4 Ke8 31. h5 gxh5 32.
Rh1 Qf6+ 33. Ke2 Qg6 34. Kf2 Nd3+ 35. Kf3 Qg4# 0-1

[Event "Late-Titled-Tuesday-Blitz-May-07-2024"]
[Site "Chess.com"]
[Date "2024.05.07"]
[Round "1"]
[White "XDPS"]
[Black "Licancabur"]
[Result "1-0"]
[WhiteElo "2827"]
[BlackElo "2483"]
[TimeControl "180+1"]
[EndTime "14:06:31 PDT"]
[Termination "XDPS won on time"]

1. d4 d5 2. Bf4 Nf6 3. e3 c5 4.
Nf3 Nc6 5. Nbd2 Qb6 6. dxc5 Qxb2 7. Rb1 Qc3 8. Bb5 e6 9. Ne5 Bd7 10. Nxd7 Nxd7 11. O-O Bxc5 12. e4 O-O 13. exd5 exd5 14. Nb3 Qf6 15. Bg3 Bd6 16. Qxd5 Bxg3 17. Qxd7 Bd6 18. Bxc6 bxc6 19. g3 Bb4 20. Nc1 Bc5 21. Nd3 Bd4 22. Rb7 Rfd8 23. Qg4 Rab8 24. Rfb1 Bb6 25.
Rxb8 Rxb8 26. Re1 h6 27. Kg2 Rd8 28. Re4 Qd6 29. a4 Qd5 30. Qf3 f5 31. Rf4 Qxf3+ 32. Kxf3 Rd5 33. Rc4 Rd4 34. Rxd4 Bxd4 35. Nb4 c5 36. Nc6 Be5 37. Nxe5 1-0

[Event "Late-Titled-Tuesday-Blitz-May-07-2024"]
[Site "Chess.com"]
[Date "2024.05.07"]
[Round "1"]
[White "Nicolik"]
[Black "GMG"]
[Result "1-0"]
[WhiteElo "2497"]
[BlackElo "2808"]
[TimeControl "180+1"]
[EndTime "14:06:33 PDT"]
[Termination "Nicolik won on time"]

1. d4 f5 2. Nc3 Nf6 3. Bg5 d5 4. Bxf6 exf6 5. e3 Be6 6. h4 h5 7.
Qf3 Qd7 8. Nge2 Bf7 9. Nf4 c6 10. Bd3 g6 11. O-O-O Bd6 12. g3 Qe7 13. Rhe1 O-O 14. Nxh5 gxh5 15. Qxf5 Be6 16. Qxh5 f5 17. e4 fxe4 18. Qg6+ Kh8 19. Nxe4 dxe4 20. Rxe4 Rf6 21. Qh5+ Kg8 22. Rde1 Qf7 23. Qg5+ Kf8 24. Bc4 Qg7 25. Rxe6 Nd7 26. Re8+ 1-0